Map: Dusk Towers

Players

MotherMoose - Winner!

  • Race: Protoss Protoss
  • League: Gold

Russ

  • Race: Protoss Protoss
  • League: Bronze

VOD

Have the link to the VOD?

Description

Time

  • Played on: Jan. 23, 2016, 1:06 a.m.
  • Length: 7:31
Show
View Real Time Build Order
Export as new Build Order

MotherMoose Protoss - Winner!

Build Orders:  

Get SALT Encoding   

  12  0:01  Probe (Chrono Boost)  
  13  0:11  Probe (Chrono Boost)  
  14  0:22  Probe (Chrono Boost)  
  14  0:24  Pylon  
  15  0:44  Probe (Chrono Boost)  
  15  0:45  Gateway  
  16  0:55  Probe (Chrono Boost)  
  17  1:06  Probe (Chrono Boost)  
  18  1:17  Probe (Chrono Boost)  
  19  1:34  Assimilator  
  19  1:38  Pylon  
  19  1:40  Pylon  
  19  1:50  Nexus  
  20  1:54  Probe (Chrono Boost)  
  20  2:00  Assimilator  
  20  2:04  Cybernetics Core, Probe (Chrono Boost)  
  21  2:13  Gateway  
  21  2:15  Probe (Chrono Boost)  
  22  2:25  Pylon  
  22  2:27  Probe (Chrono Boost)  
  23  2:42  Pylon, Warp Gate  
  23  2:43  Probe (Chrono Boost)  
  24  2:45  Adept (Chrono Boost)  
  26  2:52  Gateway  
  26  2:55  Mothership Core  
  28  3:16  Probe  
  28  3:25  Probe  
  28  3:28  Probe  
  30  3:39  Stalker (Chrono Boost)  
  35  3:41  Stalker (Chrono Boost)  
  35  3:45  Stalker (Chrono Boost)  
  35  4:09  Robotics Facility  
  33  4:26  Probe (Chrono Boost)  
  34  4:36  Nexus  
  34  4:37  Pylon  
  34  4:38  Twilight Council, Probe (Chrono Boost)  
  35  4:39  Pylon  
  35  4:48  Probe (Chrono Boost)  
  36  4:59  Probe (Chrono Boost)  
  37  5:05  Stalker x2  
  41  5:09  Probe (Chrono Boost)  
  42  5:16  Immortal (Chrono Boost)  
  42  5:20  Probe (Chrono Boost)  
  47  5:25  Blink (Chrono Boost)  
  47  5:31  Probe  
  48  5:39  Stalker x2  
  52  5:52  Probe  
  52  5:54  Probe  
  54  6:03  Probe  
  54  6:06  Probe  
  56  6:18  Immortal (Chrono Boost)  
  60  6:24  Stalker x3  
  60  6:25  Probe  
  66  6:26  Probe  
  68  6:33  Assimilator  
  68  6:41  Probe  
  68  6:42  Probe  
  70  6:56  Pylon  
  70  6:58  Pylon  
  70  7:00  Pylon  
  70  7:02  Pylon  
  70  7:13  Probe  
  70  7:15  Probe  
Show
View Real Time Build Order
Export as new Build Order

Russ Protoss 

Build Orders: Cannon Rush 

Get SALT Encoding   

  12  0:01  Probe (Chrono Boost)  
  13  0:13  Probe (Chrono Boost)  
  14  0:23  Probe (Chrono Boost)  
  15  0:28  Pylon  
  15  0:46  Probe (Chrono Boost)  
  16  0:52  Forge  
  16  0:54  Pylon  
  16  1:09  Pylon  
  16  1:27  Photon Cannon x2  
  16  1:29  Photon Cannon  
  16  1:48  Photon Cannon  
  16  1:50  Photon Cannon  
  16  2:01  Photon Cannon  
  16  2:14  Pylon  
  16  2:18  Probe (Chrono Boost)  
  17  2:28  Probe (Chrono Boost)  
  18  2:35  Photon Cannon  
  18  2:36  Photon Cannon  
  18  2:48  Photon Cannon  
  18  2:55  Probe (Chrono Boost)  
  19  2:59  Assimilator  
  19  3:04  Assimilator  
  19  3:23  Gateway  
  19  3:26  Pylon  
  19  3:42  Nexus  
  19  3:55  Photon Cannon  
  19  3:59  Photon Cannon  
  15  4:21  Probe (Chrono Boost)  
  16  4:32  Probe (Chrono Boost)  
  17  4:39  Zealot  
  17  4:42  Probe (Chrono Boost)  
  20  4:53  Probe (Chrono Boost)  
  21  5:03  Probe (Chrono Boost)  
  22  5:14  Cybernetics Core, Probe (Chrono Boost)  
  23  5:24  Probe (Chrono Boost)  
  23  5:26  Pylon  
  23  5:28  Probe (Chrono Boost)  
  25  5:35  Probe (Chrono Boost)  
  26  5:38  Probe (Chrono Boost)  
  27  5:45  Probe (Chrono Boost)  
  28  5:55  Pylon  
  28  5:59  Pylon  
  28  6:07  Probe (Chrono Boost)  
  28  6:10  Pylon  
  29  6:11  Probe (Chrono Boost)  
  29  6:15  Stargate  
  29  6:18  Probe (Chrono Boost)  
  31  6:22  Probe (Chrono Boost)  
  32  6:31  Stargate  
  32  6:35  Photon Cannon  
  32  6:40  Probe (Chrono Boost)  
  32  6:41  Photon Cannon  
  33  6:49  Photon Cannon  
  33  7:04  Photon Cannon  
  33  7:08  Photon Cannon  
  33  7:11  Probe (Chrono Boost)  
Tags
 
Add a new tag
Caveats
  • Supply blocks, unpowered buildings, or Contaminate may cause inaccurate times.
  • Supply counts are checked every 10 seconds.